 Dungeon Crawl Stone Soup version 0.32-a0-931-g5a2cda0630 (webtiles) character file.

Game seed: 17660089774082733090

3936 b0ghi87 the Fighter (level 10, -5/96 HPs)
             Began as a Minotaur Fighter on Apr 13, 2024.
             Was a Believer of Makhleb.
             Slain by a sun demon (22 damage)
             ... summoned by a kobold demonologist
             ... on level 8 of the Dungeon.
             The game lasted 00:15:15 (6570 turns).

b0ghi87 the Fighter (Minotaur Fighter)              Turns: 6570, Time: 00:15:15

Health: -5/96      AC: 15    Str: 24    XL:     10   Next: 1%
Magic:  3/3        EV:  6    Int:  5    God:    Makhleb [**....]
Gold:   352        SH:  0    Dex: 15    Spells: 9/9 levels left

rFire   . . .        F - +4 battleaxe "Embalmer" {antimagic, rCorr Dex+4}
rCold   . . .        (shield currently unavailable)
rNeg    . . .        x - +0 plate armour
rPois   .            (helmet restricted)
rElec   .            (no cloak)
rCorr   +            e - +0 pair of gloves
SInv    .            (no boots)
Will    .....        i - amulet of the acrobat Stlth
                     n - +4 ring of slaying
HPRegen 0.36/turn    (no ring)
MPRegen 0.08/turn

%: acrobat
@: no status effects
A: horns 2, retaliatory headbutt
a: Renounce Religion, Minor Destruction


You were on level 8 of the Dungeon.
You worshipped Makhleb.
Makhleb was pleased with you.
You visited 2 branches of the dungeon, and saw 9 of its levels.
You also visited: Sewer.

You collected 352 gold pieces.

Inventory:

Hand Weapons
 b - the +5 orcbow "Donivor" {antimagic, Int+3}
   (You took it off an orc priest on level 7 of the Dungeon)

   Int+3:     It affects your intelligence (+3).
 F - the +4 battleaxe "Embalmer" (weapon) {antimagic, rCorr Dex+4}
   (You found it on level 6 of the Dungeon)

   Dex+4:     It affects your dexterity (+4).
   rCorr:     It protects you from acid and corrosion.
Missiles
 f - 2 atropa-tipped darts (quivered)
 g - 34 poisoned darts
 q - 2 curare-tipped darts
Armour
 e - a +0 pair of gloves (worn)
 u - an orb of wrath
 x - a +0 plate armour (worn)
Jewellery
 i - an amulet of the acrobat (around neck)
 n - a +4 ring of slaying (left hand)
 w - a ring of fire
 E - a +4 ring of protection
 H - a ring of protection from cold
Wands
 G - a wand of flame (10)
Scrolls
 a - 3 scrolls of revelation
 c - 2 scrolls of noise {unknown}
 h - 3 scrolls of fog {unknown}
 j - a scroll of blinking {unknown}
 r - a scroll of butterflies {unknown}
 s - 2 scrolls of teleportation {unknown}
 v - 2 scrolls of amnesia {unknown}
 y - a scroll of enchant weapon {unknown}
 A - a scroll of immolation {unknown}
 C - a scroll of poison {unknown}
Potions
 d - 3 potions of might
 k - 2 potions of haste
 l - 2 potions of magic
 m - 2 potions of curing {unknown}
 o - 2 potions of invisibility {unknown}
 p - 2 potions of cancellation {unknown}
 t - 2 potions of lignification {unknown}
 z - a potion of brilliance {unknown}
 B - a potion of berserk rage {unknown}
 D - a potion of attraction {unknown}


   Skills:
 * Level 11.2 Fighting
 * Level 5.7(7.2) Axes
 - Level 6.6(7.6) Maces & Flails
 + Level 8.3 Armour
 + Level 8.3 Shields


You had 9 spell levels left.
You didn't know any spells.
Your spell library contained the following spells:

 Spells                   Type           Power      Damage    Failure   Level
 Magic Dart               Conj           0%         1d3       100%        1
 Sandblast                Erth           0%         2d4       100%        1
 Sting                    Conj/Alch      0%         1d3       100%        1
 Searing Ray              Conj           0%         2d4       100%        2
 Passwall                 Erth           0%         N/A       100%        3
 Sigil of Binding         Hex            0%         N/A       100%        3
 Stone Arrow              Conj/Erth      0%         3d7       100%        3
 Teleport Other           Tloc           0%         N/A       100%        3
 Volatile Blastmotes      Fire/Tloc      0%         2d10      100%        3
 Brom's Barrelling Bould  Conj/Erth      0%         2d3       100%        4
 Fulminant Prism          Conj/Alch      0%         3d5       100%        4
 Vhi's Electric Charge    Tloc/Air       0%         N/A       100%        4
 Bombard                  Conj/Erth      0%         9d1       100%        6
 Death Channel            Necr           0%         N/A       100%        6
 Dispersal                Tloc           0%         N/A       100%        6
 Gell's Gavotte           Tloc           0%         2d(11-16) 100%        6
 Sculpt Simulacrum        Ice/Alch       0%         N/A       100%        6


Dungeon Overview and Level Annotations

Branches:
Dungeon (8/15)             Temple (1/1) D:5           Sewer (visited)
   Lair: D:8-11

Altars:
Ashenzari
Cheibriados
Elyvilon
Fedhas
Gozag
Kikubaaqudgha
Makhleb
Okawaru
Ru
Sif Muna
Trog
Wu Jian
Xom
Zin
The Shining One
Ignis

Shops:
D:5 *?[*   D:6 !(!:

Annotations:
D:7 Jeremiah


Innate Abilities, Weirdness & Mutations

You have a pair of horns on your head.
You reflexively headbutt those who attack you in melee.


Message History

The orc warrior hits you but does no damage.
You barely miss the orc warrior.
The orc warrior is severely wounded.
The kobold demonologist casts a spell.
The orc warrior hits you but does no damage.
You hit the orc warrior.
You kill the orc warrior!
Makhleb accepts your kill.
You feel better.
You closely miss the gnoll bouda.
The gnoll bouda hits you but does no damage.
You slice the gnoll bouda!!
You kill the gnoll bouda!
Makhleb accepts your kill.
You feel better.
You barely miss the orc warrior. You headbutt the orc warrior!
The orc warrior is moderately wounded.
The orc warrior hits you but does no damage. x2
You barely miss the orc warrior.
The orc warrior is moderately wounded.
The orc warrior hits you but does no damage.
You hit the orc warrior. You headbutt the orc warrior.
The orc warrior is heavily wounded.
The orc warrior barely misses you.
The kobold demonologist casts a cantrip, but nothing happens.
You slice the orc warrior!!
You kill the orc warrior!
Makhleb accepts your kill.
You have reached level 10!
The sun demon hits you but does no damage.
Items here: )))) [[[[ †††.
You slash the sun demon!
The sun demon is lightly wounded.
The sun demon hits you!
You are engulfed in flames!
* * * LOW HITPOINT WARNING * * *
The sun demon hits you but does no damage.
You slice the sun demon!! You headbutt the sun demon.
The sun demon is heavily wounded.
The sun demon hits you!!
You die...

#......#........# ####
#......#........# #...
#......#........# #...
##......#####'#### #...
..............#######...
#...)))...........
#†#.).)...........
#.#.).).........##
#@#.............#
#3#....##########
#######o######
......{{K###############
........(.........†.....
~~~~~≈~....~~~~~~~~~~~~≈
≈≈≈≈~≈~....≈≈≈≈≈≈≈≈≈≈~≈≈
~~~~≈~~.)..~≈~~~~~~≈~~~#
.........).............#


You could see a sun demon (summoned), a kobold demonologist and an orc warrior.

Vanquished Creatures
  Pikel (D:7)
  A hornet (D:7)
  Prince Ribbit (D:6)
  Menkaure (D:6)
  4 water moccasins
  A sky beast (D:6)
  A black bear (D:7)
  2 orc warriors (D:8)
  2 centaurs
  4 lemures (D:7)
  5 kobold brigands
  2 bullfrogs (D:7)
  A gnoll sergeant (D:8)
  3 scorpions
  3 killer bees (D:7)
  2 howler monkeys
  An electric eel (D:6)
  2 bombardier beetles (D:5)
  7 hounds
  A jelly (D:6)
  4 gnoll boudas
  3 orc priests (D:7)
  A sleepcap (D:8)
  4 iguanas
  2 orc wizards (D:7)
  14 gnolls
  14 adders
  4 river rats (D:6)
  2 shadow imps (D:7)
  3 white imps
  3 ribbon worms
  2 dart slugs
  5 orcs
  10 ball pythons
  7 bats
  11 endoplasms
  9 giant cockroaches
  9 goblins
  7 hobgoblins
  3 jackals (D:2)
  2 quokkas
  2 frilled lizards
  A goblin zombie (D:4)
  3 hobgoblin zombies (D:4)
  16 kobolds
  An orc skeleton (D:4)
  An orc zombie (D:4)
  4 rats
192 creatures vanquished.

Notes
Turn   | Place    | Note
-------+----------+-------------------------------------------
     0 | D:1      | b0ghi87 the Minotaur Fighter began the quest for the Orb.
     0 | D:1      | Reached XP level 1. HP: 19/19 MP: 0/0
    77 | D:1      | Reached skill level 4 in Fighting
    77 | D:1      | Reached XP level 2. HP: 27/27 MP: 1/1
   347 | D:1      | Reached XP level 3. HP: 33/33 MP: 2/2
  1354 | D:2      | Reached XP level 4. HP: 41/41 MP: 3/3
  1481 | D:3      | Found a glowing drain.
  1503 | Sewer    | Entered a sewer
  1523 | Sewer    | Reached skill level 5 in Fighting
  1643 | Sewer    | Reached XP level 5. HP: 47/48 MP: 4/4
  1793 | Sewer    | Reached XP level 6. HP: 40/57 MP: 5/5
  1797 | Sewer    | Reached skill level 6 in Fighting
  1797 | Sewer    | Reached skill level 5 in Armour
  1797 | Sewer    | Reached skill level 5 in Shields
  1968 | D:3      | Found a faded altar of an unknown god.
  2075 | D:3      | Got Plato's Discourse on Composition
  2779 | D:4      | Identified the +1 sling of Donib {flame, MP+9}
  2808 | D:4      | Found a shimmering altar of Xom.
  3061 | D:4      | Found a glowing golden altar of the Shining One.
  3071 | D:4      | Reached XP level 7. HP: 46/64 MP: 6/6
  3600 | D:5      | Entered Level 5 of the Dungeon
  3601 | D:5      | Found a staircase to the Ecumenical Temple.
  3607 | Temple   | Entered the Ecumenical Temple
  3618 | Temple   | Became a worshipper of Makhleb the Destroyer
  3632 | D:5      | Found Teusou's Magic Scroll Shop.
  3696 | D:5      | Reached skill level 7 in Fighting
  3765 | D:5      | Reached skill level 5 in Maces & Flails
  3840 | D:5      | Found Huroes's General Store.
  3960 | D:5      | Found Gimn's General Store.
  4099 | D:5      | Found Keinlolo's Armour Emporium.
  4345 | D:6      | Found Asai's Distillery.
  4347 | D:6      | Found Vyjyag's Distillery.
  4347 | D:6      | Found Jyfoes's Weapon Boutique.
  4349 | D:6      | Found Qucuime's Book Shoppe.
  4354 | D:6      | Reached skill level 8 in Fighting
  4354 | D:6      | Reached XP level 8. HP: 74/74 MP: 7/7
  4457 | D:6      | Noticed Prince Ribbit
  4482 | D:6      | Killed Prince Ribbit
  4618 | D:6      | Reached * piety under Makhleb
  4620 | D:6      | Found a burning altar of Makhleb.
  4624 | D:6      | Reached skill level 9 in Fighting
  4668 | D:6      | Noticed Menkaure
  4670 | D:6      | Killed Menkaure
  4989 | D:6      | Identified the +4 battleaxe "Embalmer" {antimagic, rCorr
                  | Dex+4}
  5189 | D:7      | Reached XP level 9. HP: 85/85 MP: 2/8
  5272 | D:7      | Identified the +5 orcbow "Donivor" {antimagic, Int+3}
  5280 | D:7      | Reached skill level 1 in Axes
  5416 | D:7      | Reached skill level 10 in Fighting
  5416 | D:7      | Paralysed by a hornet for 1 turns
  5621 | D:7      | Reached ** piety under Makhleb
  5643 | D:7      | Noticed Pikel
  5650 | D:7      | Killed Pikel
  5798 | D:7      | Noticed Jeremiah
  5857 | D:7      | Reached skill level 5 in Axes
  6187 | D:7      | Found an ornate altar of the Wu Jian Council.
  6434 | D:8      | Reached skill level 11 in Fighting
  6537 | D:8      | Noticed a kobold demonologist
  6542 | D:8      | Noticed an ice devil
  6547 | D:8      | Noticed an ice devil
  6552 | D:8      | Noticed a smoke demon
  6561 | D:8      | Noticed a sun demon
  6568 | D:8      | Reached XP level 10. HP: 42/96 MP: 3/9
  6570 | D:8      | Slain by a sun demon

Illustrated notes

Levels and vault maps discovered:
D:1:      wheals_arrival_linesprint, layout_basic
D:2:      layout_rooms
D:3:      layout_basic, gup_sewer_entry_glass,
          shapermc_ecumenical_altar_rom_forum, serial_bayou_lagoon_a,
          kennysheep_cross_bottleneck
D:4:      layout_loops_cross, kennysheep_mini_moat, nicolae_tso_besieged_by_evil
D:5:      layout_basic, minmay_temple_entry_mist, serial_shops, shop,
          nicolae_diamond_shop, nicolae_shop_just_a_little_nook, shop
D:6:      wad_woods_stonehenge, layout_loops_ring, nicolae_wooded_promenade,
          uniq_menkaure, uniq_prince_ribbit1
D:7:      layout_basic, lemuel_coloured_pillars_altar, uniq_jeremiah, uniq_pikel
D:8:      lemuel_castle_with_subvaults [lemuel_castle_interior_carwin_2],
          layout_basic, mainiacjoe_overflow_alcove_2,
          eat_drink_and_be_merry_uskayaw
Temple:   ebering_untended_altars

Skill      XL: |  1  2  3  4  5  6  7  8  9 |
---------------+----------------------------+-----
Fighting       | 4 5 6 8 9 11 | 11.2
Armour         | 4 5 6 7 8 |  8.3
Shields        | 4 5 6 7 8 |  8.3
Maces & Flails | 3 4 5 6 |  6.6
Axes           | 5 |  5.7

Action                     |  1- 3 |  4- 6 |  7- 9 | 10-12 || total
---------------------------+-------+-------+-------+-------++-------
  Melee: Flail             |    79 |   113 |    91 |       ||   283
         Headbutt          |    11 |    14 |    48 |     1 ||    74
         Battleaxe         |       |       |   110 |     2 ||   112
  Throw: Dart              |       |     1 |       |       ||     1
    Use: Scroll            |       |       |     3 |       ||     3
 Armour: Scale mail        |    95 |    80 |       |       ||   175
         Plate armour      |       |    15 |   224 |     4 ||   243
  Dodge: Dodged            |    61 |   110 |   137 |       ||   308
  Block: Buckler           |    28 |    18 |       |       ||    46

Table legend: (Time is in decaauts)
 A = Elapsed time spent in this place.
 B = Non-inter-level travel time spent in this place.
 C = Inter-level travel time spent in this place.
 D = Time resting spent in this place.
 E = Time spent auto-exploring this place.
 F = Levels seen in this place.
 G = Mean time per level.
                   A        B        C        D        E       F      G
               +--------+--------+--------+--------+--------+-----+--------+
         Total |   6890 |   6601 |    289 |      0 |   5000 |  10 |  689.0 |
       Dungeon |   6354 |   6085 |    269 |      0 |   4654 |   8 |  794.2 |
        Temple |     22 |      2 |     20 |      0 |      0 |   1 |   22.0 |
         Sewer |    513 |    513 |      0 |      0 |    346 |   1 |  513.0 |
               +--------+--------+--------+--------+--------+-----+--------+

Top non-repeatable levels by time:
     D:6: 1067 daAuts
     D:4: 951 daAuts
     D:7: 948 daAuts
     D:3: 928 daAuts
     D:1: 864 daAuts
     D:5: 761 daAuts
     D:2: 529 daAuts
   Sewer: 513 daAuts
     D:8: 302 daAuts
  Temple: 22 daAuts
